 Dungeon Crawl Stone Soup version 0.25.1-1-g288607f (webtiles) character file.

Game seed: 17247062594384493313

61 RonnieColeman the Conjurer (level 4, -2/27 HPs)
             Began as an Octopode Conjurer on Sept 13, 2020.
             Slain by a water moccasin (8 damage)
             ... on level 4 of the Dungeon.
             The game lasted 00:02:47 (1713 turns).

RonnieColeman the Conjurer (Octopode Conjurer)      Turns: 1713, Time: 00:02:47

Health: -2/27      AC:  1    Str:  6 (7)  XL:     4   Next: 7%
Magic:  6/9        EV: 13    Int: 17 (18) God:
Gold:   86         SH:  0    Dex: 10 (12) Spells: 6/9 levels left

rFire    . . .     SeeInvis .   d - +0 dagger (venom)
rCold    . . .     Gourm    .   (no shield)
rNeg     . . .     Faith    .   (helmet restricted)
rPois    .         Spirit   .   (no amulet)
rElec    .         Reflect  .   g - ring of resist corrosion
rCorr    +         Harm     .   (no ring)
MR       .....                  (no ring)
Stlth    +++.......             (no ring)
HPRegen  0.09/turn              (no ring)
MPRegen  0.11/turn              (no ring)
                                (no ring)
                                (no ring)

@: lethally poisoned (-2 -> -10), flying, very slightly contaminated
A: almost no armour, stealthy swim, amphibious, 8 rings, constrict 8, camouflage
1, gelatinous body 1
a: no special abilities


You were on level 4 of the Dungeon.
You were not hungry.

You visited 1 branch of the dungeon, and saw 4 of its levels.

You collected 86 gold pieces.

Inventory:

Hand Weapons
 a - a +0 short sword
 d - a +0 dagger of venom (weapon)
Jewellery
 g - a ring of resist corrosion (left tentacle)
Scrolls
 f - a scroll of immolation {unknown}
 h - a scroll of identify
 j - 2 scrolls of remove curse {unknown}
Potions
 i - a potion of brilliance {unknown}
 k - a potion of lignification {unknown}
Comestibles
 b - 2 rations
 c - a chunk of flesh


   Skills:
 - Level 2.0 Dodging
 - Level 2.6 Stealth
 * Level 3.4 Spellcasting
 + Level 4.5 Conjurations


You had 6 spell levels left.
You knew the following spells:

 Your Spells              Type           Power        Failure   Level  Hunger
a - Magic Dart            Conj           ###.         2%          1    None
b - Searing Ray           Conj           ###...       4%          2    ##.....

Your spell library contained the following spells:

 Spells                   Type           Power        Failure   Level  Hunger
 Dazzling Flash           Conj/Hex       ##....       21%         3    ###....
 Fulminant Prism          Conj/Hex       ##........   54%         4    ####...
 Iskenderun's Mystic Bla  Conj/Tloc      ##......     54%         4    ####...


Dungeon Overview and Level Annotations

Branches:
Dungeon (4/15)
 Temple: D:4-7

Altars:
Nemelex Xobeh


Innate Abilities, Weirdness & Mutations

You cannot wear most types of armour.
You are very stealthy in the water. (Stealth+)
You are amphibious.
You can wear up to eight rings at the same time.
You can use your tentacles to constrict eight enemies at once.
Your skin changes colour to match your surroundings (Stealth+).
Your rubbery body absorbs attacks. (AC +1, EV +1)


Message History

You closely miss the adder. Your grab misses the adder.
The adder is heavily wounded.
You feel sick. The adder bites you.
* * * LOW HITPOINT WARNING * * *
You are more poisoned.
The adder poisons you! The water moccasin closely misses you.
The quokka misses you. The adder closely misses you.
You hit the adder.
You kill the adder!
You have reached level 4!
* * * LOW HITPOINT WARNING * * *
You feel sick.
The water moccasin completely misses you.
The quokka barely misses you. The water moccasin closely misses you.
It was a potion of flight.
You feel very buoyant.
You fly up into the air.
* * * LOW HITPOINT WARNING * * *
You feel sick. The quokka barely misses you. The water moccasin bites you!
You die...

###..### ###....... ##
##......... .#####.##
#.......... ........###
#.......... ..........##
##.......... ...........#
#........... ........Sr.#
##..........
........@..## #..........
......†....†###..........
......................###
.......[....####....###
.............# ##.###
.............# #.#
.............# #..
.............# ##.#
)............. ..


You could see a water moccasin and a quokka.

Vanquished Creatures
  3 adders
  2 giant cockroaches (D:1)
  8 goblins
  6 hobgoblins
  3 jackals (D:4)
  4 bats
  2 frilled lizards
  A kobold (D:2)
  5 rats
34 creatures vanquished.

Notes
Turn   | Place    | Note
-------+----------+-------------------------------------------
     0 | D:1      | RonnieColeman the Octopode Conjurer began the quest for the
                  | Orb.
     0 | D:1      | Reached XP level 1. HP: 11/11 MP: 3/3
   250 | D:1      | Reached XP level 2. HP: 3/17 MP: 5/5
   937 | D:2      | Found a sparkling altar of Nemelex Xobeh.
   951 | D:2      | Reached XP level 3. HP: 11/21 MP: 7/7
   966 | D:2      | Learned a level 2 spell: Searing Ray
  1609 | D:2      | You fall into a shaft and drop 2 floors!
  1694 | D:3      | Noticed a water moccasin
  1712 | D:4      | Reached XP level 4. HP: 7/27 MP: 6/9
  1713 | D:4      | Slain by a water moccasin

Illustrated notes

Levels and vault maps discovered:
D:1:      saegor_arrival_under_anarchy, layout_loops_ring
D:2:      layout_basic, lemuel_coloured_pillars_altar, old_standard_altar,
          chequers_ecumenical_altar_grove
D:3:      layout_basic, led_sif_pool, cheibrodos_ashenzari_chains,
          minmay_fractal_squares_diagonal_5
D:4:      layout_cave_pods, kennysheep_mini, lemuel_round_altar, first_ration,
          kennysheep_slug_shrine

Skill      XL: |  1  2  3 |
---------------+----------+-----
Spellcasting   | 3 |  3.4
Dodging        | |  2.0
Stealth        | |  2.6
Conjurations   | |  4.5

Action                   |  1- 3 |  4- 6 || total
-------------------------+-------+-------++-------
Melee: Short sword       |    10 |       ||    10
       Constrict         |    22 |       ||    22
       Dagger            |    54 |       ||    54
       Tentacles         |     8 |       ||     8
 Cast: Magic Dart        |     1 |       ||     1
  Use: Scroll            |     1 |       ||     1
       Potion            |     2 |     1 ||     3
 Stab: Sleeping          |    11 |       ||    11
  Eat: Chunk             |     2 |       ||     2
Armor: Skin              |     5 |       ||     5
Dodge: Dodged            |    51 |     4 ||    55
